[ AOE2 MATCH · #505779643 ]
UnrankedKoreans vs Armenians
Player's team · WIN
Rival team · LOSS
[ REPLAY ANALYSIS · EXTRACTED FROM THE RECORDED GAME ]
Feudal
9:27
Castle
24:26
Imperial
—
| APM avg | 37.8 |
| APM peak | 66 |
| eAPM avg | 15.2 |
| Villagers / military | 42 / 31 |
Focus
⚔️ 27.2% · 🌾 72.8%
Archer ×19 · Spearman ×9 · Skirmisher ×3
Feudal
9:26
Castle
—
Imperial
—
| APM avg | 65.1 |
| APM peak | 101 |
| eAPM avg | 26.3 |
| Villagers / military | 60 / 21 |
Focus
⚔️ 30.9% · 🌾 69.1%
Scout Cavalry ×11 · Skirmisher ×10
Match map
Initial resources + every placement click. Lines = walls · curves = elevation contours. ◆ gold · ⬟ stone · ● berries · ✦ relic · ◌ wall gap
Your base· Open — unwalled flank
Leche69's base· Open — unwalled flank
Smoothed initial terrain · ◌ = detected wall gap · hover for details
Inputs per minute
— mambaplayerS3 - - Leche69
Build order — mambaplayerS3
132 actions detected in the replay
| 0:02 | Queue | Villager (Male) |
| 0:02 | Queue | Villager (Male) |
| 0:03 | Build | House |
| 0:04 | Build | House |
| 0:26 | Queue | Villager (Male) |
| 0:43 | Queue | Villager (Male) |
| 1:19 | Queue | Villager (Male) |
| 2:14 | Build | Lumber Camp |
| 2:17 | Queue | Villager (Male) |
| 2:21 | Queue | Villager (Male) |
| 2:55 | Queue | Villager (Male) |
| 3:13 | Build | House |
| 3:22 | Queue | Villager (Male) |
| 3:40 | Queue | Villager (Male) |
| 4:02 | Queue | Villager (Male) |
| 4:26 | Queue | Villager (Male) |
| 4:40 | Queue | Villager (Male) |
| 5:14 | Build | Mill |
| 5:21 | Research | Loom |
| 5:43 | Build | House |
| 5:54 | Queue | Villager (Male) |
| 6:17 | Queue | Villager (Male) |
| 6:42 | Queue | Villager (Male) |
| 7:05 | Research | Feudal Age |
| 8:45 | Queue | Villager (Male) |
| 9:08 | Build | House |
| 9:09 | Build | House |
| 9:24 | Build | Barracks |
| 9:27 | Age | Feudal Age |
| 9:30 | Queue | Villager (Male) |
| 9:31 | Research | Double-Bit Axe |
| 9:43 | Build | Watch Tower |
| 9:58 | Queue | Villager (Male) |
| 10:02 | Queue | Spearman |
| 10:12 | Build | Palisade Wall |
| 10:14 | Build | Palisade Wall |
| 10:17 | Build | Palisade Wall |
| 10:20 | Build | Palisade Wall |
| 10:22 | Queue | Villager (Male) |
| 10:26 | Queue | Spearman |
| 10:34 | Build | Mining Camp |
| 10:46 | Queue | Villager (Male) |
| 10:59 | Build | Mining Camp |
| 11:00 | Queue | Villager (Male) |
| 11:10 | Build | Archery Range |
| 11:41 | Queue | Villager (Male) |
| 11:44 | Build | Mining Camp |
| 11:54 | Queue | Archer |
| 12:03 | Queue | Spearman |
| 12:11 | Queue | Villager (Male) |
| 12:29 | Queue | Skirmisher |
| 12:38 | Build | House |
| 12:51 | Build | Watch Tower |
| 12:53 | Queue | Archer |
| 12:56 | Build | House |
| 13:11 | Build | Farm |
| 13:13 | Build | Farm |
| 13:14 | Build | Farm |
| 13:15 | Build | Farm |
| 13:16 | Build | Farm |
| 13:25 | Queue | Archer |
| 13:25 | Queue | Archer |
| 13:40 | Build | Farm |
| 13:42 | Build | Farm |
| 14:00 | Queue | Archer |
| 14:00 | Queue | Archer |
| 14:32 | Queue | Villager (Male) |
| 14:46 | Queue | Villager (Male) |
| 14:56 | Queue | Archer |
| 14:56 | Queue | Archer |
| 15:14 | Queue | Villager (Male) |
| 15:18 | Build | Farm |
| 15:18 | Build | Farm |
| 15:18 | Build | Farm |
| 15:20 | Build | Farm |
| 15:39 | Queue | Spearman |
| 15:44 | Queue | Archer |
| 15:44 | Queue | Archer |
| 15:54 | Queue | Villager (Male) |
| 15:57 | Build | Farm |
| 15:59 | Build | Mill |
| 16:01 | Build | House |
| 16:16 | Queue | Archer |
| 16:20 | Queue | Spearman |
| 16:27 | Queue | Villager (Male) |
| 16:30 | Build | Farm |
| 16:45 | Queue | Villager (Male) |
| 17:01 | Queue | Villager (Male) |
| 17:13 | Queue | Spearman |
| 17:24 | Build | Blacksmith |
| 17:29 | Queue | Villager (Male) |
| 17:52 | Queue | Villager (Male) |
| 17:54 | Build | House |
| 18:01 | Queue | Archer |
| 18:09 | Research | Fletching |
| 18:21 | Queue | Villager (Male) |
| 18:24 | Build | Lumber Camp |
| 18:27 | Build | House |
| 18:42 | Build | Watch Tower |
| 18:47 | Queue | Villager (Male) |
| 18:56 | Research | Wheelbarrow |
| 19:09 | Queue | Spearman |
| 19:29 | Queue | Villager (Male) |
| 19:35 | Research | Horse Collar |
| 20:05 | Build | Market |
| 20:16 | Queue | Villager (Male) |
| 21:23 | Queue | Archer |
| 21:23 | Queue | Archer |
| 21:46 | Research | Castle Age |
| 21:51 | Queue | Skirmisher |
| 21:51 | Queue | Skirmisher |
| 22:02 | Queue | Spearman |
| 22:02 | Queue | Spearman |
| 22:10 | Build | Archery Range |
| 22:17 | Research | Gold Mining |
| 22:26 | Build | Lumber Camp |
| 22:39 | Queue | Villager (Male) |
| 23:09 | Build | Lumber Camp |
| 23:25 | Queue | Archer |
| 23:25 | Queue | Archer |
| 23:43 | Build | Watch Tower |
| 24:09 | Queue | Archer |
| 24:09 | Queue | Archer |
| 24:22 | Build | House |
| 24:23 | Build | House |
| 24:26 | Queue | Villager (Male) |
| 24:26 | Age | Castle Age |
| 24:35 | Research | Crossbowman (upgrade) |
| 24:39 | Queue | Villager (Male) |
| 24:50 | Queue | Archer |
| 24:52 | Queue | Villager (Male) |
| 25:08 | Queue | Villager (Male) |
Build order — Leche69
137 actions detected in the replay
| 0:01 | Queue | Villager (Male) |
| 0:01 | Queue | Villager (Male) |
| 0:02 | Build | House |
| 0:02 | Build | House |
| 0:06 | Queue | Villager (Male) |
| 0:07 | Queue | Villager (Male) |
| 0:07 | Queue | Villager (Male) |
| 1:31 | Queue | Villager (Male) |
| 1:31 | Queue | Villager (Male) |
| 1:58 | Queue | Villager (Male) |
| 1:59 | Queue | Villager (Male) |
| 2:16 | Queue | Villager (Male) |
| 2:18 | Build | Mule Cart |
| 2:44 | Queue | Villager (Male) |
| 3:18 | Queue | Villager (Male) |
| 3:18 | Queue | Villager (Male) |
| 3:49 | Queue | Villager (Male) |
| 4:17 | Queue | Villager (Male) |
| 4:22 | Queue | Villager (Male) |
| 4:29 | Queue | Villager (Male) |
| 4:29 | Queue | Villager (Male) |
| 4:35 | Research | Loom |
| 4:39 | Build | House |
| 4:56 | Queue | Villager (Male) |
| 4:56 | Queue | Villager (Male) |
| 5:06 | Queue | Villager (Male) |
| 5:06 | Queue | Villager (Male) |
| 5:26 | Queue | Villager (Male) |
| 5:26 | Queue | Villager (Male) |
| 5:44 | Queue | Villager (Male) |
| 5:45 | Build | Mill |
| 5:57 | Queue | Villager (Male) |
| 5:58 | Queue | Villager (Male) |
| 5:58 | Queue | Villager (Male) |
| 6:39 | Build | Mule Cart |
| 7:16 | Research | Feudal Age |
| 7:16 | Research | Feudal Age |
| 8:01 | Build | House |
| 8:40 | Build | Barracks |
| 9:26 | Age | Feudal Age |
| 9:31 | Queue | Villager (Male) |
| 9:44 | Build | Stable |
| 10:01 | Queue | Villager (Male) |
| 10:11 | Build | House |
| 10:18 | Build | House |
| 10:24 | Queue | Scout Cavalry |
| 10:24 | Queue | Scout Cavalry |
| 10:24 | Queue | Scout Cavalry |
| 10:24 | Queue | Scout Cavalry |
| 10:25 | Queue | Villager (Male) |
| 10:53 | Build | Mule Cart |
| 11:05 | Queue | Scout Cavalry |
| 11:07 | Queue | Villager (Male) |
| 11:25 | Build | Watch Tower |
| 11:33 | Build | Watch Tower |
| 11:44 | Queue | Villager (Male) |
| 12:05 | Queue | Villager (Male) |
| 12:15 | Queue | Villager (Male) |
| 12:16 | Queue | Villager (Male) |
| 12:35 | Build | Farm |
| 12:37 | Build | Farm |
| 12:55 | Build | Watch Tower |
| 13:07 | Queue | Villager (Male) |
| 13:09 | Build | Farm |
| 13:10 | Queue | Villager (Male) |
| 13:10 | Queue | Villager (Male) |
| 13:51 | Queue | Villager (Male) |
| 13:51 | Queue | Villager (Male) |
| 13:51 | Queue | Villager (Male) |
| 14:01 | Build | House |
| 14:04 | Build | House |
| 14:11 | Queue | Villager (Male) |
| 14:11 | Queue | Villager (Male) |
| 14:11 | Queue | Villager (Male) |
| 14:12 | Build | Farm |
| 14:23 | Queue | Scout Cavalry |
| 14:44 | Queue | Villager (Male) |
| 14:53 | Queue | Villager (Male) |
| 15:13 | Build | Farm |
| 15:14 | Build | Farm |
| 15:16 | Build | Farm |
| 15:17 | Build | Farm |
| 15:30 | Queue | Villager (Male) |
| 15:30 | Queue | Villager (Male) |
| 16:01 | Build | Farm |
| 16:02 | Queue | Villager (Male) |
| 16:14 | Build | Farm |
| 16:43 | Queue | Villager (Male) |
| 16:44 | Queue | Villager (Male) |
| 16:44 | Queue | Villager (Male) |
| 16:47 | Build | Farm |
| 16:53 | Build | House |
| 17:10 | Build | Farm |
| 17:14 | Queue | Villager (Male) |
| 17:14 | Queue | Villager (Male) |
| 17:27 | Queue | Scout Cavalry |
| 17:43 | Queue | Scout Cavalry |
| 17:53 | Build | Watch Tower |
| 17:58 | Build | Palisade Wall |
| 18:11 | Build | House |
| 18:16 | Build | Palisade Wall |
| 18:22 | Queue | Villager (Male) |
| 18:22 | Queue | Villager (Male) |
| 18:28 | Build | Mule Cart |
| 18:44 | Queue | Villager (Male) |
| 19:13 | Build | Archery Range |
| 20:08 | Queue | Skirmisher |
| 20:08 | Queue | Skirmisher |
| 20:33 | Queue | Scout Cavalry |
| 20:43 | Queue | Skirmisher |
| 20:43 | Queue | Skirmisher |
| 20:53 | Queue | Scout Cavalry |
| 20:54 | Queue | Skirmisher |
| 21:18 | Queue | Scout Cavalry |
| 21:31 | Queue | Skirmisher |
| 21:40 | Queue | Villager (Male) |
| 21:46 | Build | Watch Tower |
| 22:24 | Queue | Skirmisher |
| 22:28 | Build | Blacksmith |
| 22:37 | Build | Farm |
| 22:39 | Queue | Skirmisher |
| 22:43 | Build | Palisade Wall |
| 22:43 | Build | Palisade Wall |
| 22:43 | Build | Palisade Wall |
| 22:50 | Build | Watch Tower |
| 23:18 | Research | Padded Archer Armor |
| 23:18 | Research | Padded Archer Armor |
| 23:32 | Build | Mule Cart |
| 23:50 | Queue | Villager (Male) |
| 24:05 | Build | Watch Tower |
| 24:07 | Build | House |
| 24:10 | Build | House |
| 24:16 | Queue | Skirmisher |
| 24:22 | Build | Market |
| 24:56 | Research | Fletching |
| 24:56 | Research | Fletching |
| 24:57 | Queue | Skirmisher |
Match timeline
| 8:40 | Leche69 · first_building Barracks |
| 9:24 | mambaplayerS3 · first_building Barracks |
| 9:26 | Leche69 · age_up feudal |
| 9:27 | mambaplayerS3 · age_up feudal |
| 9:44 | Leche69 · first_building Stable |
| 10:12 | mambaplayerS3 · wall_segment Palisade Wall x1 |
| 10:14 | mambaplayerS3 · wall_segment Palisade Wall x1 |
| 10:17 | mambaplayerS3 · wall_segment Palisade Wall x1 |
| 10:20 | mambaplayerS3 · wall_segment Palisade Wall x1 |
| 11:10 | mambaplayerS3 · first_building Archery Range |
| 17:58 | Leche69 · wall_segment Palisade Wall x1 |
| 18:16 | Leche69 · wall_segment Palisade Wall x1 |
| 19:13 | Leche69 · first_building Archery Range |
| 21:25 | mambaplayerS3 · first_market_sell 100 stone |
| 21:27 | mambaplayerS3 · first_market_buy 100 food |
| 22:43 | Leche69 · wall_segment Palisade Wall x1 |
| 22:43 | Leche69 · wall_segment Palisade Wall x1 |
| 22:43 | Leche69 · wall_segment Palisade Wall x1 |
| 24:26 | mambaplayerS3 · age_up castle |
| 25:16 | Leche69 · first_market_sell 500 wood |
| 25:17 | Leche69 · first_market_buy 500 food |
| 25:22 | Leche69 · resign |
[ AI ANALYSIS · 1 CREDIT ]
What really happened in this match?
Wolo.gg analyzes every decision: build order, eco, micro, common mistakes by bracket. Personalized analysis on WhatsApp or Discord in 30 seconds.
Civ guide
Koreans
Perfil
Jugador #12151820